AoeStats
← Efthiron

Arabia

503675327Analyzed
1v1 RM · 1mo ago on Sep 1, 2026· 25m 20s· 2 players
Game mode
Random Map
Map size
Tiny (2 player)
Population
200
Speed
Normal
Resources
Standard
Victory
Conquest
Starting age
Dark Age
Ending age
Imperial Age
RankedLock teamsTeams togetherTeam positionsShared explorationLock speedFull tech treeHidden civsTurbo modeCheats
Victory
Defeat
🇨🇴 Khmer · Colombia
1274
+14
🇲🇽 Mongols · Mexico
1229
-14
Efthiron
6:25 Loom
9:33 Feudal Age
10:32 Town Watch
23:48 Castle Age
22:30 Forging
23:06 Scale Barding Armor
AM | Rick2
5:13 Loom
10:28 Feudal Age
13:45 Double-Bit Axe
22:49 Castle Age
22:15 Fletching
22:26 Padded Archer Armor
22:08 Horse Collar
22:27 Gold Mining
23:37 Crossbowman
24:26 Bodkin Arrow
25:38 Leather Archer Armor
Connection lost

Rejoining the realm…

Still unreachable

The connection could not be restored.

Session expired

The server has moved on; the page needs a fresh start.